 Dungeon Crawl Stone Soup version 0.27-a0-1256-gced786f65e (webtiles) character file.

Game seed: 1771086365177608818

73103 Nfirf the Brawler (level 15, -9/140 HPs)
             Began as a Troll Berserker on June 9, 2021.
             Was a High Priest of Trog.
             Mangled by a goliath frog (18 damage)
             ... on level 1 of the Swamp on June 10, 2021.
             The game lasted 02:04:45 (21160 turns).

Nfirf the Brawler (Troll Berserker)                Turns: 21160, Time: 02:04:45

Health: -9/140     AC:  7    Str: 33    XL:     15   Next: 3%
Magic:  23/23      EV: 25    Int:  3    God:    Trog [*****.]
Gold:   1824       SH:  0    Dex: 10    Spells: 14/14 levels left

rFire    . . .     SeeInvis .     - Unarmed
rCold    . . .     Faith    .   (no shield)
rNeg     . . .     Spirit   .   w - +0 steam dragon scales
rPois    +         Reflect  .   (helmet restricted)
rElec    .         Harm     .   (no cloak)
rCorr    .         Rampage  .   (gloves unavailable)
Will     ++...                  (boots unavailable)
Stlth    +.........             y - amulet of the acrobat
HPRegen  1.33/turn              T - ring of poison resistance
MPRegen  0.18/turn              Y - ring of willpower

@: about to teleport, acrobatic
A: large, unfitting armour, claws 3, regeneration 1, shaggy fur 1, tough skin 1,
frail 1
a: Renounce Religion, Berserk, Trog's Hand, Brothers in Arms


You were on level 1 of the Swamp.
You worshipped Trog.
Trog was extremely pleased with you.
You visited 3 branches of the dungeon, and saw 21 of its levels.
You also visited: Sewer.

You collected 1824 gold pieces.

Inventory:

Missiles
 d - 18 boomerangs
 o - 4 curare-tipped darts
 q - 38 poisoned darts
 x - 2 throwing nets
 A - 36 large rocks (quivered)
 J - 3 silver javelins
 N - 2 javelins
 S - 3 atropa-tipped darts
Armour
 w - +0 steam dragon scales (worn)
 E - +0 acid dragon scales
Jewellery
 a - a ring of magical power
 y - an amulet of the acrobat (around neck)
 D - a ring of magical power
 M - a ring of ice
 P - an amulet of magic regeneration
 T - a ring of poison resistance (left claw)
 Y - a ring of willpower (right claw)
Wands
 c - a wand of polymorph (15)
 h - a wand of paralysis (34)
 k - a wand of digging (11)
 C - a wand of iceblast (15)
 H - a wand of acid (10)
 O - a wand of charming (9)
 R - a wand of flame (23)
Scrolls
 b - a scroll of torment {unknown}
 j - 2 scrolls of noise
 m - 2 scrolls of fog {unknown}
 n - 8 scrolls of teleportation
 r - 2 scrolls of blinking {unknown}
 s - 3 scrolls of magic mapping
 B - 2 scrolls of brand weapon {unknown}
 F - 2 scrolls of summoning {unknown}
 K - a scroll of vulnerability {unknown}
 Q - a scroll of enchant armour {unknown}
 V - a scroll of enchant weapon {unknown}
 W - a scroll of acquirement {unknown}
 X - a scroll of silence
Potions
 e - 2 potions of haste
 f - 4 potions of curing
 g - 2 potions of berserk rage
 i - 2 potions of cancellation
 p - 3 potions of magic
 t - 3 potions of might
 u - a potion of resistance
 v - 4 potions of mutation
 z - 3 potions of flight
 G - a potion of heal wounds
 I - a potion of degeneration {unknown}
 L - a potion of ambrosia {unknown}


   Skills:
 + Level 11.7 Fighting
 - Level 2.4 Dodging
 * Level 18.1 Unarmed Combat
 + Level 12.3 Invocations


You had 14 spell levels left.
You didn't know any spells.
Your spell library was empty.

Dungeon Overview and Level Annotations

Branches:
Dungeon (15/15)            Temple (0/1) D:5            Lair (5/6) D:8
  Swamp (1/4) Lair:2        Snake (0/4) Lair:3          Orc (0/2) D:11
 Vaults (0/5) D:14         Depths (0/5) D:15          Sewer (visited)
  Slime: Lair:5-6

Altars:
Ashenzari
Fedhas
Hepliaklqana
Kikubaaqudgha
Vehumet
Wu Jian
Yredelemnul

Shops:
D:6 *   D:8 *   D:15 (

Annotations:
D:10 exclusion: door
D:13 3 runed translucent doors, Plog's ghost, journeyman DsBe
D:15 Roxanne
Lair:3 exclusion: oklob plant
Lair:5 Nessos


Innate Abilities, Weirdness & Mutations

You are too large for most types of armour.
You have claws for hands.
Your natural rate of healing is unusually fast.
You are covered in fur. (AC +1)
You have tough skin. (AC +1)
You are frail. (-10% HP)


Message History

You mangle the swamp worm!!
You kill the swamp worm!
Trog accepts your kill.
You start resting.
HP restored.
You climb downwards.
Welcome back to the Swamp!
This branch is very noisy, and so sound travels much less far.
This branch contains the decaying rune of Zot.
The six-headed hydra bites you. The six-headed hydra bites you! x2
The six-headed hydra bites you.
The six-headed hydra closely misses you.
The six-headed hydra bites you! The will-o-the-wisp engulfs you.
An eleionoma comes into view.
The six-headed hydra misses you.
The six-headed hydra completely misses you.
The six-headed hydra bites you. x2
The six-headed hydra bites you but does no damage.
The six-headed hydra bites you! The will-o-the-wisp engulfs you!
There is a staircase back to the Lair, spattered with blood here.
Okay, then.
Okay, then.
The swamp worm closely misses you.
The will-o-the-wisp completely misses you.
As you read the scroll of teleportation, it crumbles to dust.
You feel strangely unstable. The swamp worm barely misses you.
The six-headed hydra bites you! x2; The six-headed hydra bites you.
The six-headed hydra closely misses you.
The six-headed hydra bites you!
* * * LOW HITPOINT WARNING * * *
The six-headed hydra barely misses you. The will-o-the-wisp engulfs you!
* * * LOW HITPOINT WARNING * * *
The swamp worm bites you!
* * * LOW HITPOINT WARNING * * *
A goliath frog comes into view.
The swamp worm fires a harpoon shot at you.
The harpoon shot hits you!
* * * LOW HITPOINT WARNING * * *
You are yanked forward by the harpoon shot.
The goliath frog hits you from afar!!
You die...

♣...♣ ♣♣♣
♣.≈.♣♣♣♣...
♣.≈≈≈§...≈.≈
♣≈≈!♣.♣≈≈≈.
♣≈≈.$.≈≈..≈
♣♣≈≈≈♣.≈..≈
♣≈..F.≈≈≈.≈≈
♣♣≈..♣≈≈.≈.§≈
♣.≈@♣♣♣♣....≈
♣.wD♣ ♣....
♣..♣♣ ♣≈≈≈
♣♣Dv♣ .§.
♣≈≈.♣♣ $♣
♣≈≈≈.♣♣
♣.≈♣§≈♣♣♣♣
♣.≈.≈....♣.
♣≈≈†..≈≈≈...


You could see a six-headed hydra, a swamp dragon, a goliath frog, a
will-o-the-wisp and a swamp worm.

Vanquished Creatures
  Gastronok (Lair:3)
  6 vault guards
  2 boulder beetles
  4 hydras
  An ogre mage (D:15)
  2 catoblepae
  A death knight (D:12)
  7 two-headed ogres
  3 centaur warriors
  5 death yaks
  A tengu warrior (D:15)
  Nergalle (Lair:3)
  A skeletal warrior (D:14)
  2 phantasmal warriors
  3 deep elf pyromancers
  An ugly thing (D:12)
  4 manticores
  9 cyclopes
  An orc sorcerer (D:15)
  9 elephants
  5 black mambas
  9 centaur zombies (D:10)
  A naga mage (D:15)
  A gargoyle (D:14)
  A torpor snail (Lair:4)
  12 cane toads
  7 komodo dragons
  A yaktaur (shapeshifter) (D:14)
  Maggie (D:7)
  A rime drake (Lair:4)
  3 kobold demonologists (D:11)
  An efreet (D:15)
  A freezing wraith (D:12)
  A tengu conjurer (D:13)
  A queen bee (D:9)
  2 trolls
  A hornet (D:8)
  A wolf spider simulacrum (D:15)
  10 blink frogs
  Prince Ribbit (D:6)
  2 vampires (D:12)
  A centaur simulacrum (D:15)
  2 shadows
  A yak (shapeshifter) (D:15)
  A spriggan (shapeshifter) (D:13)
  3 wraiths
  2 hogs (shapeshifter) (D:15)
  2 basilisks
  2 wyverns
  41 yaks
  A steam dragon (D:6)
  9 vampire mosquitoes
  A swamp worm (Lair:2)
  3 acid dragons
  3 nagas (Lair:3)
  A two-headed ogre zombie (D:11)
  Duvessa (D:7)
  16 water moccasins
  4 orc warriors
  3 necrophages
  A black bear (D:6)
  20 centaurs
  13 wolves
  5 ogres
  5 kobold brigands
  3 phantoms
  16 bullfrogs
  2 scorpions
  Dowan (D:7)
  2 troll zombies (D:11)
  21 killer bees
  An electric eel (D:14)
  3 howler monkeys
  2 hounds
  4 jellies
  A bullfrog skeleton (D:7)
  3 gnoll shamans
  5 orc priests
  3 centaur skeletons
  Ijyb (D:3)
  Natasha (thrice) (D:2)
  4 iguanas
  7 orc wizards
  A killer bee zombie (D:7)
  5 ogre zombies (D:11)
  A hound skeleton (D:4)
  3 howler monkey zombies
  20 adders
  19 gnolls
  2 river rats (Sewer)
  2 white imps
  An ufetubus (D:5)
  An adder skeleton (D:4)
  2 worms (Sewer)
  A dart slug (D:1)
  29 orcs
  11 ball pythons
  7 bats
  10 endoplasms
  5 giant cockroaches
  9 goblins
  8 hobgoblins
  6 jackals (D:1)
  32 kobolds
  3 quokkas
  4 frilled lizards
  2 goblin skeletons (D:11)
  4 goblin zombies (D:11)
  2 hobgoblin zombies (D:11)
  6 orc skeletons (D:11)
  11 orc zombies (D:11)
  8 rats
565 creatures vanquished.

Vanquished Creatures (collateral kills)
  2 vault guards
  Harold (D:7)
  A two-headed ogre (D:8)
  3 skeletal warriors (D:14)
  A cyclops (D:12)
  The ghost of Nosferatu13666 the Ducker, a novice SpCK of Xom (D:5)
  3 tyrant leeches (Lair:2)
  Sigmund (D:4)
  A yak (D:10)
  A steam dragon (D:7)
  A naga (Lair:3)
  A swamp worm (Lair:2)
  An orc warrior (D:7)
  An ogre (D:7)
  A centaur zombie (D:7)
20 creatures vanquished.

Vanquished Creatures (others)
  An adder (D:2)
  A goblin (D:2)
  2 foxfires (Swamp:1)
  14 fungi
  21 plants
39 creatures vanquished.

Grand Total: 624 creatures vanquished

Notes
Turn   | Place    | Note
-------+----------+-------------------------------------------
     0 | D:1      | Nfirf the Troll Berserker began the quest for the Orb.
     0 | D:1      | Reached XP level 1. HP: 22/22 MP: 0/0
    94 | D:1      | Reached XP level 2. HP: 28/29 MP: 1/1
   296 | D:1      | Reached ** piety under Trog
   318 | D:1      | Reached skill level 1 in Invocations
   339 | D:1      | Reached XP level 3. HP: 34/36 MP: 2/2
  1044 | D:2      | Reached skill level 4 in Unarmed Combat
  1084 | D:2      | Noticed Natasha
  1092 | D:2      | Killed Natasha
  1093 | D:2      | Reached XP level 4. HP: 45/45 MP: 4/4
  1217 | D:2      | Found a faded altar of an unknown god.
  1427 | D:2      | Reached XP level 5. HP: 53/53 MP: 5/5
  1494 | D:2      | Reached *** piety under Trog
  1567 | D:2      | Noticed Natasha
  1570 | D:2      | Killed Natasha
  1608 | D:2      | Noticed Natasha
  1615 | D:2      | Killed Natasha
  1860 | D:3      | Noticed Ijyb
  1873 | D:3      | Killed Ijyb
  1874 | D:3      | Reached skill level 5 in Unarmed Combat
  2042 | D:3      | Reached XP level 6. HP: 58/61 MP: 6/6
  2389 | D:4      | Reached skill level 6 in Unarmed Combat
  2389 | D:4      | Reached XP level 7. HP: 68/68 MP: 8/8
  2709 | D:4      | Found a glowing drain.
  2746 | Sewer    | Entered a sewer
  2803 | Sewer    | Reached **** piety under Trog
  3228 | Sewer    | Reached skill level 7 in Unarmed Combat
  3431 | D:4      | Noticed Sigmund
  3444 | D:4      | Killed Sigmund
  3445 | D:4      | Reached XP level 8. HP: 66/79 MP: 8/10
  3542 | D:5      | Entered Level 5 of the Dungeon
  3542 | D:5      | Found a runed translucent door.
  3542 | D:5      | Noticed Nosferatu13666's ghost (novice SpCK)
  3967 | D:5      | Found a staircase to the Ecumenical Temple.
  4025 | D:5      | Found an ancient bone altar of Kikubaaqudgha.
  4202 | D:5      | Killed Nosferatu13666's ghost
  4203 | D:5      | Reached skill level 5 in Fighting
  4203 | D:5      | Reached skill level 8 in Unarmed Combat
  4295 | D:6      | Found an ornate altar of the Wu Jian Council.
  4351 | D:6      | Noticed Prince Ribbit
  4382 | D:6      | Reached skill level 5 in Invocations
  4426 | D:6      | Killed Prince Ribbit
  4463 | D:6      | Reached XP level 9. HP: 84/88 MP: 11/11
  4473 | D:6      | Reached skill level 9 in Unarmed Combat
  4783 | D:6      | Found Fetzil's Mass Market.
  5004 | D:7      | Noticed Maggie
  5022 | D:7      | Killed Maggie
  5063 | D:7      | Noticed Duvessa
  5064 | D:7      | Noticed Dowan
  5086 | D:7      | Killed Duvessa
  5093 | D:7      | Killed Dowan
  5216 | D:7      | Noticed Harold
  5226 | D:7      | Killed Harold
  5227 | D:7      | Reached skill level 10 in Unarmed Combat
  5677 | D:7      | Reached XP level 10. HP: 88/100 MP: 13/13
  6267 | D:8      | Reached skill level 11 in Unarmed Combat
  6534 | D:8      | Paralysed by a hornet for 1 turns
  6600 | D:8      | Found Huhies's Elemental Accessories.
  6676 | D:8      | Noticed a two-headed ogre
  6689 | D:8      | Killed a two-headed ogre
  6715 | D:8      | Found a radiant altar of Vehumet.
  6716 | D:8      | Found a hazy altar of Hepliaklqana.
  6777 | D:8      | Found a staircase to the Lair.
  6966 | D:9      | You fall into a shaft and drop 2 floors!
  6983 | D:10     | Entered Level 10 of the Dungeon
  7689 | D:9      | Reached skill level 12 in Unarmed Combat
  8142 | D:10     | Found a runed translucent door.
  8146 | D:10     | Noticed a two-headed ogre
  8196 | D:10     | Killed a two-headed ogre
  8197 | D:10     | Reached XP level 11. HP: 82/109 MP: 15/15
  8299 | D:10     | Found a basalt altar of Yredelemnul.
  8542 | D:10     | Found a broken altar of Ashenzari.
  8716 | D:10     | Noticed a two-headed ogre
  8728 | D:10     | Killed a two-headed ogre
  8865 | D:10     | Noticed a fire crab
  8994 | D:10     | Noticed a fire crab
  9141 | D:10     | Reached skill level 13 in Unarmed Combat
  9273 | D:11     | Noticed a boulder beetle
  9304 | D:11     | Killed a boulder beetle
  9420 | D:11     | Found a staircase to the Orcish Mines.
 10146 | D:12     | Noticed a two-headed ogre
 10152 | D:12     | Killed a two-headed ogre
 10198 | D:12     | Reached XP level 12. HP: 122/122 MP: 17/17
 10228 | D:12     | Noticed a two-headed ogre
 10234 | D:12     | Killed a two-headed ogre
 10302 | D:12     | Noticed a boulder beetle
 10321 | D:12     | Killed a boulder beetle
 10322 | D:12     | Reached skill level 14 in Unarmed Combat
 10355 | D:12     | Noticed a death knight
 10360 | D:12     | Noticed a two-headed ogre
 10422 | D:11     | Killed a two-headed ogre
 10526 | D:12     | Killed a death knight
 11677 | D:13     | Found a runed translucent gate.
 11677 | D:13     | Found a runed translucent gate.
 11677 | D:13     | Found a runed translucent gate.
 11679 | D:13     | Noticed a ten-headed hydra
 11679 | D:13     | Noticed Plog's ghost (journeyman DsBe)
 11679 | D:13     | Noticed a ten-headed hydra
 11740 | D:13     | Noticed a centaur warrior
 11882 | D:13     | Noticed a five-headed hydra
 11889 | D:13     | Killed a nine-headed hydra
 11984 | D:13     | Reached skill level 10 in Invocations
 12017 | D:12     | Killed a centaur warrior
 12018 | D:12     | Reached skill level 15 in Unarmed Combat
 12429 | D:14     | Noticed a centaur warrior
 12448 | D:14     | Killed a centaur warrior
 12467 | D:14     | Reached XP level 13. HP: 76/133 MP: 19/19
 12585 | D:14     | You fall into a shaft and drop 1 floor!
 12585 | D:15     | Entered Level 15 of the Dungeon
 12660 | D:15     | Found Denino's Weapon Shop.
 13061 | D:15     | Reached skill level 10 in Fighting
 13180 | D:15     | Noticed Roxanne
 13818 | D:14     | Reached ***** piety under Trog
 14029 | D:14     | Reached skill level 16 in Unarmed Combat
 14654 | D:14     | Found a gate to the Vaults.
 14688 | D:14     | Noticed a fire dragon
 15187 | D:14     | You fall into a shaft and drop 1 floor!
 15323 | D:15     | Gained mutation: You are frail. (-10% HP) [a neqoxec]
 15325 | D:15     | Reached XP level 14. HP: 129/129 MP: 21/21
 15548 | Lair:1   | Entered Level 1 of the Lair of Beasts
 15549 | Lair:1   | Upgraded the game from 0.27-a0-1245-g940ed4fa31 to
                  | 0.27-a0-1256-gced786f65e
 16769 | Lair:2   | Reached skill level 17 in Unarmed Combat
 17442 | Lair:2   | Found a staircase to the Swamp.
 17804 | Lair:3   | Noticed Nergalle
 17829 | Lair:3   | Killed Nergalle
 17913 | Lair:3   | Found a staircase to the Snake Pit.
 18044 | Lair:3   | Found a blossoming altar of Fedhas.
 18378 | Lair:3   | Noticed Gastronok
 18396 | Lair:3   | Killed Gastronok
 19077 | Lair:4   | Found the +7 pair of quick blades "Gyre" and "Gimble"
                  | {protect}
 20367 | Lair:4   | Reached skill level 18 in Unarmed Combat
 20550 | Lair:5   | Reached XP level 15. HP: 123/140 MP: 23/23
 20560 | Lair:5   | Noticed Nessos
 20818 | Lair:4   | HP: 7/140 [poisoned by Nessos]
 20823 | Lair:4   | HP: 6/140 [poisoned by Nessos]
 21038 | Swamp:1  | Entered Level 1 of the Swamp
 21160 | Swamp:1  | Mangled by a goliath frog

Illustrated notes

Levels and vault maps discovered:
D:1:      amcnicky_arrival_feature_with_door, layout_loops_corners,
          serial_bayou, serial_bayou_pond_a, serial_bayou_crossing,
          serial_bayou_shore_a, serial_bayou_lagoon_a
D:2:      layout_basic, hellmonk_ecumenical_altar_arch_garden,
          lemuel_old_faithful, uniq_natasha
D:3:      layout_rooms, grunt_ministairs_8, uniq_ijyb
D:4:      layout_basic, gup_sewer_entry_glass, uniq_sigmund
D:5:      layout_loops_ring, lemuel_crystal_altar, minmay_temple_entry_grid,
          hellmonk_ghost_happy_afterlife, hangedman_abyss_or_decor_stabs
D:6:      layout_basic, nzn_wu_jian_contemplation, minmay_shop_mass, hex_large,
          uniq_prince_ribbit1
D:7:      minmay_polygon_palace, layout_basic, uniq_maggie, uniq_duvessa,
          uniq_harold
D:8:      layout_gridville, gammafunk_temple_overflow_statue,
          grunt_lair_entry_orc_guard_hut, nicolae_elemental_shop,
          nicolae_lava_and_water, chequers_garden
D:9:      layout_basic, nicolae_looking_at_the_future
D:10:     gammafunk_mikee_crab_dinner, layout_irregular_city,
          lemuel_doored_altar, nicolae_yredelemnul_corpse_copse,
          bh_walls_and_bars
D:11:     layout_roguey, zombieorc2_lemuel
D:12:     layout_stronghold, minmay_door_square, lemuel_flamethrower_2
D:13:     layout_cave_pools, gammafunk_ghost_hydra_chop, serial_bayou_pond_d
D:14:     layout_loops_ring, erik_vaults_2, nrook_pool_corridor, moated_statue,
          serial_bayou_pond_c
D:15:     grunt_enter_depths_magical_seal, layout_basic, serial_shops,
          nicolae_shop_temple_entry_statues_fountains, corexii_corridor_pit,
          uniq_roxanne
Lair:1:   layout_loops_ring, lemuel_fruit_fields, grunt_megastairs_2,
          infiniplex_staircase_pool
Lair:2:   layout_cave_pods, minmay_swamp_entry_worms,
          nicolae_lair_grove_arrangements, nzn_random_ring
Lair:3:   layout_regular_city, minmay_snake_entry_guardpost_small, tgw_fedhas,
          grunt_megastairs_4, infiniplex_staircase_pool_2, uniq_nergalle,
          uniq_gastronok
Lair:4:   layout_long_grid
Lair:5:   layout_cave_shapes, uniq_nessos
Swamp:1:  layout_falls_marsh, evilmike_swamp_ruin_house_5, swamp_pool3

Skill      XL: |  1  2  3  4  5  6  7  8  9 10 11 12 13 14 |
---------------+-------------------------------------------+-----
Invocations    | 1 2 3 4 5 6 7 9 10 11 12 | 12.3
Unarmed Combat | 4 5 6 7 8 10 12 13 15 16 18 | 18.1
Fighting       | 3 4 5 6 7 8 9 10 11 | 11.7
Dodging        | |  2.4

Action                   |  1- 3 |  4- 6 |  7- 9 | 10-12 | 13-15 || total
-------------------------+-------+-------+-------+-------+-------++-------
Melee: Unarmed           |   120 |   118 |   295 |   568 |   581 ||  1682
       Punch             |     2 |     3 |    10 |    42 |    57 ||   114
Throw: Dart              |       |       |    28 |    16 |       ||    44
       Large rock        |       |       |       |     8 |    54 ||    62
       Javelin           |       |       |       |     2 |       ||     2
Invok: Berserk           |     1 |     1 |     2 |     2 |     1 ||     7
       Trog's Hand       |       |     1 |     5 |     2 |     2 ||    10
       Brothers in Arms  |       |       |     5 |    10 |     7 ||    22
Evoke: Wand              |       |       |       |     1 |    15 ||    16
  Use: Scroll            |     4 |       |     6 |     8 |     9 ||    27
       Potion            |       |       |       |     8 |     6 ||    14
 Stab: Sleeping          |       |       |     1 |     1 |       ||     2
       Paralysed         |       |       |       |     2 |       ||     2
       Distracted        |       |       |       |       |     1 ||     1
Armor: Animal skin       |    48 |    32 |    53 |       |       ||   133
       Steam dragon scal |       |       |    12 |   114 |   132 ||   258
       Acid dragon scale |       |       |       |    51 |       ||    51
       Skin              |       |       |       |    25 |    21 ||    46
Dodge: Dodged            |    53 |    61 |   129 |   387 |   304 ||   934

Table legend: (Time is in decaauts)
 A = Elapsed time spent in this place.
 B = Non-inter-level travel time spent in this place.
 C = Inter-level travel time spent in this place.
 D = Time resting spent in this place.
 E = Time spent auto-exploring this place.
 F = Levels seen in this place.
 G = Mean time per level.
                   A        B        C        D        E       F      G
               +--------+--------+--------+--------+--------+-----+--------+
         Total |  21140 |  20302 |    838 |   1430 |  14711 |  22 |  960.9 |
       Dungeon |  14830 |  14247 |    583 |    531 |  10584 |  15 |  988.7 |
          Lair |   5470 |   5215 |    255 |    890 |   3540 |   5 | 1094.0 |
         Swamp |     64 |     64 |      0 |      0 |     27 |   1 |   64.0 |
         Sewer |    775 |    775 |      0 |      9 |    558 |   1 |  775.0 |
               +--------+--------+--------+--------+--------+-----+--------+

Top non-repeatable levels by time:
    D:12: 1589 daAuts
  Lair:2: 1517 daAuts
    D:15: 1517 daAuts
  Lair:4: 1462 daAuts
    D:14: 1422 daAuts
  Lair:3: 1413 daAuts
     D:7: 1163 daAuts
    D:10: 1152 daAuts
     D:9: 1097 daAuts
    D:11: 1011 daAuts
     D:1: 954 daAuts
     D:2: 925 daAuts
     D:8: 790 daAuts
  Lair:1: 778 daAuts
   Sewer: 775 daAuts
